 Dungeon Crawl Stone Soup version 0.31-a0-983-g7b6862f502 (webtiles) character file.

Game seed: 8854144848583207289

154 lunkers the Ruffian (level 4, -1/34 HPs)
             Began as a Demigod Shapeshifter on Nov 2, 2023.
             Killed from afar by Natasha (6 damage)
             ... with a magic dart
             ... on level 2 of the Dungeon.
             The game lasted 00:02:25 (2172 turns).

lunkers the Ruffian (Demigod Shapeshifter)          Turns: 2172, Time: 00:02:25

Health: -1/34      AC:  5    Str: 19    XL:     4   Next: 89%
Magic:  6/6        EV: 10    Int: 12    God:
Gold:   123        SH:  4    Dex: 13    Spells: 3/3 levels left

rFire   . .          .
                       - Unarmed
rCold   + . .        j - +0 buckler
rNeg    . . .        k - +0 ring mail
rPois   .            (helmet currently unavailable)
rElec   .            (cloak currently unavailable)
rCorr   .            (gloves currently unavailable)
SInv    .            (boots currently unavailable)
Will    .....        (no amulet)
Stlth   +            g - ring of protection from cold
HPRegen 0.25/turn    (no ring)
MPRegen 0.10/turn

%: no passive effects
@: beast-form, slowed, very slow
A: beast (slay +2), high MP 1, forlorn, divine attributes
a: Begin Untransformation


You were on level 2 of the Dungeon.
You were a hulking beast.
You visited 1 branch of the dungeon, and saw 2 of its levels.

You collected 123 gold pieces.

Inventory:

Armour
 a - a +0 animal skin
 j - a +0 buckler (worn)
 k - a +0 ring mail (worn)
 l - a +0 pair of boots
Jewellery
 g - a ring of protection from cold (left hand)
Talismans
 c - a beast talisman
 d - a flux talisman
Wands
 q - a wand of acid (6)
Scrolls
 e - a scroll of revelation {unknown}
 f - 4 scrolls of identify {unknown}
 h - a scroll of poison {unknown}
 i - a scroll of torment {unknown}
 n - a scroll of amnesia {unknown}
Potions
 b - 2 potions of haste {unknown}
 m - a potion of might {unknown}
 o - a potion of heal wounds {unknown}
 p - 3 potions of curing {unknown}


   Skills:
 - Level 0.8 Fighting
 - Level 1.7 Dodging
 * Level 4.6 Unarmed Combat
 + Level 3.6 Shapeshifting


You had 3 spell levels left.
You didn't know any spells.
Your spell library was empty.

Dungeon Overview and Level Annotations

Branches:
Dungeon (2/15)

Shops:
D:1 !

Annotations:
D:2 Natasha


Innate Abilities, Weirdness & Mutations

You are a hulking beast.
Your limbs bulge with bestial killing power. (Slay +2)
You have an increased reservoir of magic. (+10% MP)
You shall have no god before yourself.
Your divine heritage dramatically boosts your attributes as you level up.


Message History

You feel yourself slow down.
Natasha zaps a wand.
The puff of flame misses you.
Natasha stares at you and mumbles some strange words.
You feel as though you will be slow longer.
Natasha zaps a wand.
The puff of flame hits you!
Natasha mumbles some strange words.
Natasha's front paws start to glow.
Natasha claws you!
* * * LOW HITPOINT WARNING * * *
Natasha mumbles some strange words.
You are too injured to fight recklessly!
You are too injured to fight recklessly!
You are too injured to fight recklessly!
You are too injured to fight recklessly!
You are too injured to fight recklessly!
You are too injured to fight recklessly!
You are too injured to fight recklessly!
You completely miss Natasha.
Natasha zaps a wand.
The puff of flame misses you.
The cerulean imp hits you with a +1 spear.
* * * LOW HITPOINT WARNING * * *
You hit Natasha.
Natasha is moderately wounded.
Natasha zaps a wand.
The puff of flame hits you!
* * * LOW HITPOINT WARNING * * *
The cerulean imp hits you but does no damage.
You block Natasha's attack.
You completely miss Natasha.
Natasha is moderately wounded.
The cerulean imp barely misses you. You block Natasha's attack.
The cerulean imp hits you with a +1 spear.
* * * LOW HITPOINT WARNING * * *
Unknown command.
You punch Natasha!
Natasha is almost dead.
Natasha closely misses you.
The cerulean imp hits you but does no damage.
Natasha stares at you and mumbles some strange words.
The magic dart hits you.
You die...
Natasha curls up and begins to purr.

# #.# #..##..# #########
#.# #..##.## ........## #.#
#.#...#
#######..####.######)..#.#
# ##......<......###.# #
##..............# #.# #
#....^..........# #.# #
#............)..# #.# #
#..........h5...# #.#
#..........h....###.#
#...>.).........##..##
######....................#
.........................|#
..######............#.....#
#.....)...###.####..#.....#
#########........#....#####
####..........>##


You could see Natasha and a cerulean imp (summoned).

Vanquished Creatures
  Natasha (twice) (D:2)
  4 adders (D:2)
  2 dart slugs (D:1)
  8 endoplasms
  A giant cockroach (D:1)
  9 goblins
  5 hobgoblins
  7 jackals
  7 kobolds
  4 quokkas (D:1)
  2 ball pythons (D:1)
  6 rats
57 creatures vanquished.

Notes
Turn   | Place    | Note
-------+----------+-------------------------------------------
     0 | D:1      | lunkers the Demigod Shapeshifter began the quest for the
                  | Orb.
     0 | D:1      | Reached XP level 1. HP: 15/15 MP: 3/3
   173 | D:1      | Reached skill level 3 in Unarmed Combat
   228 | D:1      | Reached XP level 2. HP: 22/22 MP: 4/4
   744 | D:1      | Found Astrux Umadgh's Distillery.
   867 | D:1      | Reached XP level 3. HP: 20/27 MP: 5/5
  1524 | D:2      | Reached skill level 4 in Unarmed Combat
  1630 | D:2      | Reached XP level 4. HP: 34/34 MP: 6/6
  1633 | D:2      | Noticed Natasha
  1640 | D:2      | Killed Natasha
  1660 | D:2      | Noticed Natasha
  1673 | D:2      | Killed Natasha
  2163 | D:2      | Noticed Natasha
  2172 | D:2      | Killed from afar by Natasha

Illustrated notes

Levels and vault maps discovered:
D:1:      dpeg_arrival_chambers_temple_mockup, layout_basic, serial_shops, shop
D:2:      layout_rooms, kennysheep_generic_room_5, uniq_natasha

Skill      XL: |  1  2  3 |
---------------+----------+-----
Unarmed Combat | 3 4 |  4.6
Shapeshifting  | 3 |  3.6
Fighting       | |  0.8
Dodging        | |  1.7

Action                     |  1- 3 |  4- 6 || total
---------------------------+-------+-------++-------
  Melee: Unarmed           |   148 |    46 ||   194
         Punch             |     3 |       ||     3
    Use: Potion            |       |     1 ||     1
   Stab: Sleeping          |     3 |       ||     3
 Armour: Animal skin       |    39 |       ||    39
         Ring mail         |    27 |    32 ||    59
         Skin              |       |     1 ||     1
  Dodge: Dodged            |    70 |    14 ||    84
  Block: Buckler           |     4 |     8 ||    12

Table legend: (Time is in decaauts)
 A = Elapsed time spent in this place.
 B = Non-inter-level travel time spent in this place.
 C = Inter-level travel time spent in this place.
 D = Time resting spent in this place.
 E = Time spent auto-exploring this place.
 F = Levels seen in this place.
 G = Mean time per level.
                   A        B        C        D        E       F      G
               +--------+--------+--------+--------+--------+-----+--------+
         Total |   2164 |   2036 |    128 |     27 |   1610 |   2 | 1082.0 |
       Dungeon |   2164 |   2036 |    128 |     27 |   1610 |   2 | 1082.0 |
               +--------+--------+--------+--------+--------+-----+--------+

Top non-repeatable levels by time:
     D:1: 1356 daAuts
     D:2: 808 daAuts
